 Dungeon Crawl Stone Soup version 0.30-a0-568-g124715a40b (webtiles) character file.

Game seed: 7831481360194087198

983 experimilk the Destroyer (level 7, -3/50 HPs)
             Began as a Grey Draconian Conjurer on Dec 28, 2022.
             Killed by divine providence
             ... invoked by an orc priest
              (16 damage)
             ... on level 6 of the Dungeon.
             The game lasted 00:11:50 (6803 turns).

experimilk the Destroyer (Grey Draconian Conjurer)  Turns: 6803, Time: 00:11:51

Health: -3/50      AC: 16    Str: 10    XL:     7   Next: 96%
Magic:  3/12       EV: 11    Int: 20    God:
Gold:   273        SH:  5    Dex:  9    Spells: 9/12 levels left

rFire   . . .      SeeInvis .    b - +2 trident (freeze)
rCold   . . .      Faith    .    c - +2 buckler
rNeg    . . .      Spirit   .    (body armour unavailable)
rPois   .          Reflect  .    (helmet restricted)
rElec   .          Harm     .    l - +0 cloak
rCorr   .          Rampage  .    (no gloves)
Will    .....                    (no boots)
Stlth   ++                       (no amulet)
HPRegen 0.28/turn                m - +4 ring of protection
MPRegen 0.13/turn                (no ring)

@: no status effects
A: AC +11, amphibious, unfitting armour, cold-blooded
a: no special abilities


You were on level 6 of the Dungeon.
You visited 1 branch of the dungeon, and saw 6 of its levels.

You collected 273 gold pieces.

Inventory:

Hand Weapons
 b - a +2 trident of freezing (weapon)
 g - a +0 short sword
Armour
 c - a +2 buckler (worn)
 l - a +0 cloak (worn)
Jewellery
 m - a +4 ring of protection (left hand)
 t - a ring of flight
Wands
 e - a wand of quicksilver (6)
 o - a wand of digging (7)
Scrolls
 a - 2 scrolls of blinking
 f - a scroll of poison
 j - a scroll of amnesia
 k - a scroll of butterflies
 n - a scroll of silence {unknown}
 q - 2 scrolls of fear {unknown}
 r - a scroll of magic mapping {unknown}
 s - a scroll of noise {unknown}
Potions
 d - a potion of ambrosia
 h - a potion of cancellation
 i - a potion of heal wounds
 p - 2 potions of haste


   Skills:
 - Level 1.7 Dodging
 - Level 1.7 Stealth
 + Level 1.6 Shields
 + Level 3.4 Spellcasting
 * Level 9.4 Conjurations


You had 9 spell levels left.
You knew the following spells:

 Your Spells              Type           Power      Damage    Failure   Level
a - Magic Dart            Conj           100%       1d8       1%          1
z - Searing Ray           Conj           82%        2d7       1%          2

Your spell library contained the following spells:

 Spells                   Type           Power      Damage    Failure   Level
 Dazzling Flash           Conj/Hex       44%        N/A       8%          3
 Fulminant Prism          Conj/Hex       11%        3d8       26%         4
 Iskenderun's Mystic Bla  Conj/Tloc      22%        2d6       26%         4
 Gell's Gravitas          Tloc           3%         N/A       47%         3
 Teleport Other           Tloc           3%         N/A       47%         3
 Dispersal                Tloc           1%         N/A       100%        6


Dungeon Overview and Level Annotations

Branches:
Dungeon (6/15)
 Temple: D:4-7

Altars:
Kikubaaqudgha
Xom

Annotations:
D:6 Dowan


Innate Abilities, Weirdness & Mutations

Your dull iron-grey scales are very hard. (AC +11)
You are amphibious.
You cannot fit into any form of body armour.
You are cold-blooded and may be slowed by cold attacks.


Message History

Aiming: Quicksilver Bolt
Press: ? - help, Q - select action, (/) - cycle Shift-Dir - straight line, f - orc priest, p - orc warrior
Aim: an orc priest, wielding a +0 short sword and wearing a +0 leather armour (wandering, hasn't noticed you, 71% to hit)
The bolt of dispelling energy misses the orc priest.
The orc priest calls upon Beogh to heal the orc warrior.
The orc warrior is healed somewhat.
The orc warrior barely misses you.
Aiming: Quicksilver Bolt
Press: ? - help, Q - select action, (/) - cycle Shift-Dir - straight line, f/p - orc priest
Aim: an orc priest, wielding a +0 short sword and wearing a +0 leather armour (71% to hit)
The bolt of dispelling energy hits the orc priest!
The orc priest is almost dead.
You block the orc warrior's attack.
You hit the orc warrior but do no damage.
The orc warrior is lightly wounded.
The orc priest calls down the wrath of Beogh upon you.
Pain shoots through your body! The orc warrior closely misses you.
You hit the orc warrior but do no damage.
The orc warrior is lightly wounded.
The orc priest invokes the aid of Beogh against you.
Pain shoots through your body! You block the orc warrior's attack.
The orc warrior closely misses you.
The orc priest invokes the aid of Beogh against you.
Beogh smites you!
* * * LOW HITPOINT WARNING * * *
Read: 2 scrolls of butterflies
Press: ? - help, Q - select action, (/) - cycle Dir - look around, f - activate Look: an orc priest, wielding a +0 short sword and wearing a +0 leather armour (almost dead)
As you read the scroll of butterflies, it crumbles to dust.
You hear the tinkle of a tiny bell.
The orc warrior barely misses you.
You swap places.
The orc priest misses your butterfly.
The orc warrior attacks as you move away!
The orc warrior closely misses you.
The orc warrior hits your butterfly with a +0 long sword!
Your butterfly dies!
Your butterfly disappears in a burst of colours!
You swap places.
The orc priest mumbles some strange prayers to Beogh against you.
Beogh smites you!
You die...

##..##.....## ####
#...#.......# ##..###
###..bbb......# #....##
....bb.b..b..## ##..##.
....bbb.b...b.#######...#..
.....o.?b.bbb...##.........
.......obbb.b...##.........
..##bb.#b.bbb...##..#.#....
#bbb##b@...........#....
#...#....b.b............
#$bbb#b..................
#.....b..............)...
.......b.........#.....).
##b...............##......
.........#..............
......#.##..............
..#. ........##.....


You could see an orc warrior (ally target) and an orc priest (ally target).

Vanquished Creatures
  A steam dragon (D:6)
  An ogre (D:5)
  A bullfrog (D:6)
  A necrophage (D:5)
  4 crimson imps (D:5)
  3 hounds
  An orc wizard (D:3)
  2 iguanas
  8 gnolls
  10 adders
  An ufetubus (D:5)
  2 worms
  19 orcs
  6 ball pythons
  6 bats
  8 endoplasms
  3 giant cockroaches
  6 goblins
  8 hobgoblins
  4 quokkas
  3 frilled lizards
  6 kobolds
  4 rats
108 creatures vanquished.

Vanquished Creatures (others)
  A phantom (D:6)
1 creature vanquished.

Grand Total: 109 creatures vanquished

Notes
Turn   | Place    | Note
-------+----------+-------------------------------------------
     0 | D:1      | experimilk the Draconian Conjurer began the quest for the
                  | Orb.
     0 | D:1      | Reached XP level 1. HP: 14/14 MP: 3/3
     0 | D:1      | Upgraded the game from 0.30-a0-557-ge2afbf3030 to
                  | 0.30-a0-568-g124715a40b
   248 | D:1      | Reached XP level 2. HP: 20/20 MP: 1/5
   251 | D:1      | Learned a level 2 spell: Searing Ray
   736 | D:1      | Found a faded altar of an unknown god.
  1377 | D:2      | Reached XP level 3. HP: 26/26 MP: 2/6
  2245 | D:2      | Reached skill level 5 in Conjurations
  2398 | D:3      | Reached XP level 4. HP: 28/33 MP: 0/8
  3193 | D:3      | Found an ancient bone altar of Kikubaaqudgha.
  3303 | D:3      | Reached XP level 5. HP: 38/38 MP: 2/9
  3398 | D:3      | Reached skill level 6 in Conjurations
  4629 | D:5      | Entered Level 5 of the Dungeon
  4657 | D:5      | Reached XP level 6. HP: 45/45 MP: 6/10
  4736 | D:5      | Reached skill level 7 in Conjurations
  5336 | D:5      | Found a shimmering altar of Xom.
  5479 | D:5      | Reached skill level 8 in Conjurations
  5532 | D:5      | Your scales start taking on a dull iron-grey colour.
  5532 | D:5      | Reached XP level 7. HP: 50/50 MP: 3/11
  6182 | D:6      | Reached skill level 9 in Conjurations
  6484 | D:6      | Noticed a steam dragon
  6499 | D:6      | Killed a steam dragon
  6500 | D:6      | Reached skill level 1 in Shields
  6750 | D:6      | Noticed Dowan
  6803 | D:6      | Killed from afar by an orc priest

Illustrated notes

Levels and vault maps discovered:
D:1:      psy_arrival_radial01, layout_basic, chequers_ecumenical_altar_island
D:2:      layout_rooms, grunt_ministairs_14, interstate_on_off
D:3:      layout_basic, lemuel_tele_altar, grunt_decor_mini_mirrors
D:4:      layout_basic, kennysheep_another_room
D:5:      layout_loops_corners, led_xom_imps, minivault_4
D:6:      layout_cave_pools, chequers_serial_rivers_micro_e, uniq_duvessa,
          uniq_eustachio

Skill      XL: |  1  2  3  4  5  6  7 |
---------------+----------------------+-----
Conjurations   | 5 6 8 9 |  9.4
Spellcasting   | 3 |  3.4
Shields        | 1 |  1.6
Dodging        | |  1.7
Stealth        | |  1.7

Action                   |  1- 3 |  4- 6 |  7- 9 || total
-------------------------+-------+-------+-------++-------
Melee: Unarmed           |     6 |       |       ||     6
       Tailslap          |     1 |     1 |     3 ||     5
       Short sword       |    17 |     3 |       ||    20
       Trident           |       |     6 |    25 ||    31
 Cast: Magic Dart        |    40 |    44 |     9 ||    93
       Searing Ray       |    24 |    35 |    17 ||    76
Evoke: Wand              |       |     2 |     2 ||     4
  Use: Scroll            |     6 |     2 |     1 ||     9
       Potion            |     1 |       |       ||     1
Armor: Skin              |    13 |    10 |    16 ||    39
Dodge: Dodged            |     9 |     5 |    25 ||    39
Block: Buckler           |     4 |     1 |    21 ||    26

Table legend: (Time is in decaauts)
 A = Elapsed time spent in this place.
 B = Non-inter-level travel time spent in this place.
 C = Inter-level travel time spent in this place.
 D = Time resting spent in this place.
 E = Time spent auto-exploring this place.
 F = Levels seen in this place.
 G = Mean time per level.
                   A        B        C        D        E       F      G
               +--------+--------+--------+--------+--------+-----+--------+
         Total |   6823 |   6711 |    112 |   1412 |   4646 |   6 | 1137.2 |
       Dungeon |   6823 |   6711 |    112 |   1412 |   4646 |   6 | 1137.2 |
               +--------+--------+--------+--------+--------+-----+--------+

Top non-repeatable levels by time:
     D:5: 2009 daAuts
     D:3: 1366 daAuts
     D:1: 1175 daAuts
     D:2: 1172 daAuts
     D:4: 922 daAuts
     D:6: 176 daAuts
